Map: Lightshade LE

Players

Solar

  • Race: Zerg Zerg
  • League: Grandmaster
  • Spawn Location: 11:00

DPGCure (Cure) - Winner!

  • Race: Terran Terran
  • League: Master
  • Spawn Location: 5:00

Event: TSL 6

VOD

Have the link to the VOD?

Description

Time

  • Played on: Dec. 13, 2020, 11:07 a.m.
  • Length: 9:06

All games in this series

Show
View Real Time Build Order
Export as new Build Order

Solar Zerg 

Build Orders: Hatch First, Muta Ling Bane 

Get SALT Encoding   

  12  0:00  Drone  
  13  0:12  Overlord  
  13  0:17  Drone  
  14  0:31  Drone x2  
  16  0:48  Hatchery  
  15  0:51  Drone  
  15  0:55  Drone  
  17  0:59  Drone  
  18  1:10  Extractor  
  17  1:15  Spawning Pool  
  17  1:18  Drone  
  17  1:21  Drone  
  18  1:28  Drone  
  19  1:39  Drone  
  20  1:51  Drone  
  21  2:02  Zergling x4, Queen x2  
  27  2:11  Overlord  
  27  2:12  Drone  
  28  2:25  Hatchery  
  28  2:26  Drone  
  28  2:30  Drone  
  28  2:38  Extractor, Queen  
  28  2:41  Drone  
  31  2:46  Drone  
  31  2:47  Metabolic Boost  
  32  2:53  Overlord  
  32  2:56  Drone  
  33  2:58  Drone  
  33  2:59  Drone  
  33  3:05  Drone  
  36  3:12  Drone  
  37  3:13  Drone x3  
  37  3:17  Queen  
  37  3:19  Drone  
  43  3:23  Overlord  
  43  3:26  Drone  
  44  3:30  Overlord  
  44  3:37  Queen  
  44  3:39  Zergling x2, Drone  
  48  3:41  Zergling x2  
  48  3:46  Zergling x2, Drone x2  
  48  3:47  Drone x2  
  54  3:50  Zergling x2  
  54  3:51  Drone  
  54  3:54  Drone  
  57  3:56  Queen  
  57  3:59  Overlord  
  57  4:00  Drone  
  60  4:03  Zergling x2  
  60  4:07  Spore Crawler  
  60  4:09  Drone x2  
  62  4:13  Drone x2  
  63  4:17  Lair  
  63  4:21  Overlord  
  64  4:24  Drone  
  64  4:26  Zergling x2  
  64  4:27  Baneling Nest  
  64  4:28  Drone  
  64  4:29  Extractor x2, Overlord  
  63  4:33  Drone  
  63  4:34  Drone  
  63  4:37  Overlord, Spore Crawler  
  64  4:40  Drone  
  64  4:41  Drone  
  64  4:43  Spore Crawler, Drone  
  64  4:44  Drone  
  67  4:46  Drone  
  67  4:47  Zergling x2  
  67  4:48  Zergling x2  
  67  4:50  Drone  
  71  4:54  Drone x2  
  71  4:56  Queen  
  71  4:58  Drone  
  76  5:01  Drone x2  
  76  5:04  Drone  
  76  5:05  Drone x2  
  76  5:07  Overlord  
  81  5:10  Zergling x2  
  81  5:12  Zergling x6  
  85  5:16  Zergling x2  
  85  5:18  Overseer  
  85  5:21  Extractor x2  
  84  5:22  Spire  
  84  5:24  Extractor, Drone x2  
  84  5:27  Drone x2  
  85  5:30  Drone x2  
  85  5:32  Overlord  
  85  5:34  Baneling x2  
  85  5:35  Baneling  
  87  5:36  Zergling x6  
  87  5:37  Baneling  
  87  5:38  Baneling x2  
  87  5:40  Zergling x2  
  87  5:41  Zergling x4  
  93  5:44  Drone  
  93  5:45  Drone x2  
  93  5:46  Drone, Baneling  
  93  5:48  Drone  
  98  5:55  Zergling x4  
  84  5:58  Zergling x8  
  81  6:08  Drone x2  
  81  6:09  Drone  
  80  6:16  Drone x6  
  85  6:20  Drone x2  
  85  6:22  Drone  
  84  6:28  Queen  
  84  6:29  Zergling x2  
  86  6:34  Mutalisk x2  
  86  6:39  Overlord  
  88  6:43  Mutalisk x2  
  88  6:46  Zergling x6  
  92  6:50  Overlord  
  92  6:52  Mutalisk  
  90  6:57  Zergling x8  
  91  7:02  Drone x2  
  91  7:03  Drone  
  91  7:04  Drone  
  94  7:09  Zerg Flyer Weapons Level 1  
  94  7:10  Drone x2, Evolution Chamber  
  94  7:11  Evolution Chamber  
  94  7:14  Drone  
  94  7:15  Centrifical Hooks  
  95  7:16  Drone  
  95  7:20  Drone  
  97  7:24  Mutalisk  
  97  7:27  Drone  
  97  7:29  Drone  
  99  7:31  Mutalisk x3  
  99  7:33  Hatchery  
  99  7:36  Zergling x2  
  105  7:40  Zergling x14  
  112  7:51  Zergling x2  
  112  7:52  Zergling x4  
  112  7:53  Baneling x4  
  112  7:56  Baneling x2  
  115  7:59  Overlord  
  115  8:00  Drone x2  
  115  8:01  Zergling x2  
  115  8:03  Baneling x3  
  119  8:05  Zergling x4  
  119  8:08  Extractor  
  119  8:11  Overlord, Mutalisk  
  121  8:13  Zergling x2  
  121  8:17  Zergling x4  
  121  8:18  Zergling x8  
  128  8:26  Mutalisk  
  126  8:31  Mutalisk x3  
  131  8:36  Zergling x4  
  130  8:43  Zergling x10  
  130  8:46  Zergling x2  
  130  8:47  Zergling x2  
Show
View Real Time Build Order
Export as new Build Order

DPGCure Terran - Winner!

Build Orders: Reaper Expand, Hellion Banshee 

Get SALT Encoding   

  12  0:00  SCV  
  13  0:12  SCV  
  14  0:16  Supply Depot  
  14  0:24  SCV  
  15  0:38  SCV  
  15  0:40  Barracks  
  15  0:42  Refinery  
  16  0:50  SCV  
  17  1:02  SCV  
  18  1:14  SCV  
  19  1:27  Orbital Command, Reaper  
  20  1:38  Command Center  
  20  1:47  Supply Depot  
  20  1:52  SCV  
  21  1:58  Marine  
  22  2:04  SCV  
  23  2:11  Factory  
  23  2:17  SCV  
  23  2:19  Barracks Reactor  
  24  2:29  SCV  
  25  2:41  SCV  
  25  2:42  Command Center  
  26  2:50  Orbital Command  
  26  2:53  SCV  
  26  2:57  Starport  
  27  3:05  Hellion x2  
  31  3:07  SCV  
  31  3:12  Refinery  
  32  3:15  Barracks Tech Lab  
  32  3:16  SCV  
  32  3:19  SCV  
  34  3:28  SCV  
  34  3:30  Hellion x2  
  34  3:31  SCV  
  40  3:40  SCV  
  41  3:42  Banshee, Marine  
  41  3:43  SCV  
  46  3:53  SCV  
  46  3:55  SCV  
  48  3:56  Hellion x2  
  48  3:57  Orbital Command  
  48  3:59  Cloaking Field  
  52  4:05  SCV  
  52  4:07  SCV  
  52  4:08  Barracks Tech Lab  
  54  4:15  Supply Depot x2  
  54  4:18  SCV  
  54  4:19  SCV  
  54  4:23  SCV  
  61  4:28  Banshee  
  61  4:29  Marine  
  61  4:36  SCV x3  
  61  4:37  Supply Depot, Hellion x2  
  68  4:41  Armory  
  68  4:45  Supply Depot  
  68  4:47  Marine  
  68  4:48  SCV x3  
  72  4:58  Hellion x2  
  72  4:59  Stimpack  
  76  5:00  Orbital Command  
  76  5:01  SCV x2  
  76  5:04  Supply Depot  
  76  5:05  Marine  
  79  5:11  Barracks x2  
  79  5:18  SCV x2  
  79  5:19  Hellion x2  
  85  5:21  Refinery  
  85  5:22  Refinery, Marine  
  86  5:30  SCV x2  
  86  5:32  SCV  
  89  5:35  Starport Reactor  
  89  5:39  Engineering Bay  
  89  5:40  Engineering Bay  
  89  5:42  SCV, Marine  
  91  5:45  SCV x2  
  91  5:47  Hellion x2  
  91  5:49  Hellion x2  
  97  5:55  SCV  
  91  5:57  SCV x2  
  87  6:04  Barracks Reactor x2  
  87  6:05  Barracks x2  
  87  6:07  Terran Infantry Armor Level 1, Terran Infantry Weapons Level 1  
  87  6:10  Marine  
  85  6:14  SCV x3  
  81  6:26  SCV x2  
  81  6:27  SCV  
  81  6:28  Marine  
  81  6:32  Factory, Refinery  
  85  6:33  Refinery  
  85  6:34  Supply Depot  
  85  6:38  Missile Turret  
  85  6:39  Missile Turret  
  85  6:40  Combat Shield, Missile Turret  
  85  6:42  Medivac x2  
  85  6:44  Missile Turret  
  85  6:45  Marine  
  90  6:48  Marine x4  
  90  6:50  Widow Mine x2  
  95  6:55  SCV x2  
  95  6:56  SCV  
  95  6:57  Barracks Reactor  
  95  6:58  Barracks Reactor  
  94  7:03  Marine  
  94  7:08  Marine x4  
  90  7:09  Command Center  
  90  7:14  Missile Turret  
  90  7:17  SCV x3  
  90  7:21  Marine  
  94  7:25  Marine x2  
  94  7:26  Drilling Claws, Marine x2  
  98  7:34  Thor, Supply Depot x2  
  108  7:37  Widow Mine x2, Marine  
  108  7:42  Supply Depot  
  109  7:50  Supply Depot  
  109  7:52  Sensor Tower  
  109  7:55  Medivac x2, Marine x7  
  109  7:56  Supply Depot, Missile Turret  
  120  8:01  Marine x2  
  122  8:06  SCV x3  
  122  8:12  Supply Depot  
  125  8:13  Marine  
  125  8:15  Marine x5  
  125  8:16  Marine  
  130  8:23  Thor  
  130  8:24  Widow Mine  
  138  8:30  Marine x2  
  138  8:31  Marine  
  138  8:32  Medivac  
  138  8:33  Widow Mine, Marine  
  146  8:41  Barracks x2  
  144  8:42  Barracks  
  144  8:47  Marine x5  
  144  8:48  Marine  
  132  8:50  SCV x2  
  132  8:51  SCV  
Tags
 
Add a new tag
Caveats
  • Supply blocks, unpowered buildings, or Contaminate may cause inaccurate times.
  • Supply counts are checked every 10 seconds.